 Dungeon Crawl Stone Soup version 0.19.5-1-g796a6487f8 (webtiles) character file.

8878 MisterOstroum the Basher (level 11, -24/69 HPs)
             Began as a Gargoyle Fighter on Nov 8, 2016.
             Was an Initiate of Gozag.
             Killed from afar by Harold (30 damage)
             ... with a bolt of fire
             ... on level 2 of the Lair of Beasts on Nov 25, 2020.
             The game lasted 01:54:52 (9353 turns).

MisterOstroum the Basher (Gargoyle Fighter)         Turns: 9353, Time: 01:54:53

Health: -24/69     AC: 17    Str: 23    XL:     11   Next: 37%
Magic:  8/13       EV:  9    Int: 19    God:    Gozag
Gold:   1256       SH: 11    Dex:  7    Spells: 1 memorised, 7 levels left

rFire  . . .     SeeInvis .     a - +2 flail
rCold  . . .     Gourm    .     b - +0 scale mail
rNeg   + . .     Faith    .     c - +0 shield
rPois  ∞         Spirit   .     (no helmet)
rElec  +         Reflect  .     v - +1 cloak {+Inv}
rCorr  .         Harm     .     (no gloves)
MR     .....     Clarity  +     (no boots)
Stlth  +.........               B - amulet of regeneration
                                P - ring of stealth
                                J - +5 ring of intelligence

@: brilliant, very slightly contaminated
A: blink, clarity, clumsy 1, negative energy resistance 1, electricity
resistance, unbreathing, petrification resistance, rot immunity, AC +7
a: Blink, Potion Petition, Call Merchant, Bribe Branch, Renounce Religion, Evoke
Invisibility


You were on level 2 of the Lair of Beasts.
You worshipped Gozag.
Gozag was most pleased with you.
You were not hungry.

You visited 3 branches of the dungeon, and saw 14 of its levels.

You collected 1646 gold pieces.
You spent 300 gold pieces at shops.
You paid 90 gold pieces to Gozag.

Inventory:

Hand Weapons
 a - a +2 flail (weapon)
 M - a +0 war axe of chopping
 N - a +2 scimitar of flaming
Missiles
 g - 200 stones
 i - 33 poisoned needles
 n - 4 tomahawks (quivered)
 z - a steel tomahawk
 A - 43 sling bullets
Armour
 b - a +0 scale mail (worn)
 c - a +0 shield (worn)
 v - a +1 cloak of invisibility (worn)
Rods
 Q - a +0 lightning rod (10/10)
   (You found it on level 8 of the Dungeon)
Jewellery
 B - an amulet of regeneration (around neck)
 J - a +5 ring of intelligence (left hand)
 P - a ring of stealth (right hand)
Wands
 h - a wand of lightning (6/15)
 q - a wand of enslavement (14/24)
 y - a wand of paralysis (13/24)
 E - a wand of random effects (11/48)
 H - a wand of acid (4/15)
 L - a wand of flame (26/48)
Scrolls
 j - 2 scrolls of recharging
 m - 2 scrolls of remove curse
 C - a scroll of teleportation {@r3 !r}
Potions
 d - 2 potions of might
 e - 2 potions of brilliance
 k - 4 potions of curing
 l - 3 potions of flight
 s - a potion of ambrosia {unknown}
 t - a potion of cancellation {unknown}
 u - 3 potions of haste
 O - 2 potions of heal wounds
 S - a potion of invisibility
Miscellaneous
 F - a phantom mirror
Comestibles
 f - 4 bread rations
 p - 5 meat rations
 x - 9 slices of pizza
 D - 5 beef jerkies


   Skills:
 + Level 8.8 Fighting
 - Level 2.0(7.5) Axes
 - Level 12.2(12.3) Maces & Flails
 - Level 6.7 Armour
 + Level 1.7 Dodging
 - Level 8.1 Shields
 * Level 2.9 Evocations


You had 7 spell levels left.
You knew the following spells:

 Your Spells              Type           Power        Failure   Level  Hunger
a - Regeneration          Chrm/Necr      ##........   56%         3    ####...


Dungeon Overview and Level Annotations

Branches:
Dungeon (11/15)            Temple (1/1) D:7            Lair (2/6) D:8
    Orc (0/2) D:10
  Swamp: Lair:2-4    Shoals: Lair:2-4     Snake: Lair:2-4    Spider: Lair:2-4

Altars:
Ashenzari
Cheibriados
Dithmenos
Elyvilon
Fedhas
Gozag
Hepliaklqana
Kikubaaqudgha
Makhleb
Nemelex Xobeh
Okawaru
Qazlal
Ru
Sif Muna
Trog
Uskayaw
Vehumet
Xom
Yredelemnul
Zin
The Shining One

Shops:
D:10 !

Annotations:
D:9 casual's ghost, novice TrTm
Lair:2 Harold


Innate Abilities, Weirdness & Mutations

You are resistant to torment.
Your stone body is resilient. (AC +7)
You are immune to poison.
You resist negative energy. (rN+)
You are resistant to electric shocks. (rElec)
You can survive without breathing.
You are immune to petrification.
You are immune to rotting.
You can translocate small distances at will.
You possess an exceptional clarity of mind.
You are clumsy. (Dex -2)


Message History

Harold shouts! 3 wolves come into view.
Put on which piece of jewellery? (? for menu, Esc to quit)
Okay, then.
Press: ? - help, v - describe, . - travel
Here: Harold, wielding a war axe and wearing a ring mail The floor.
Put on which piece of jewellery? (? for menu, Esc to quit)
Okay, then.
Harold throws a throwing net.
You block the throwing net.
You see here a throwing net {!f}.
A jumping spider comes into view.
You thump the wolf!
The wolf is severely wounded.
You block the wolf's attack.
You hit the wolf but do no damage.
The wolf is severely wounded.
The wolf bites you but does no damage. The wolf barely misses you.
You sock the wolf!
You kill the wolf!
You now have 1256 gold pieces (gained 6).
Okay, then.
It was a potion of brilliance.
You feel clever all of a sudden.
You sock Harold!
Harold is lightly wounded.
Harold closely misses you.
You thump Harold!
Harold is moderately wounded.
You block Harold's attack.
Unknown command.
You hit Harold.
Harold is moderately wounded.
Casting: Regeneration
Confirm with . or Enter, or press ? or * to list all spells.
You miscast Regeneration.
You are very lightly contaminated with residual magic.
Nothing appears to happen.
You block Harold's attack.
You hit Harold but do no damage.
Harold is moderately wounded.
You block Harold's attack.
You closely miss Harold.
Harold is moderately wounded.
You block Harold's attack.
You hit Harold.
Harold is moderately wounded.
You sock Harold!
Harold is heavily wounded.
Harold points at you and mumbles some strange words.
The bolt of fire hits you!
Casting: Regeneration
Confirm with . or Enter, or press ? or * to list all spells.
You miscast Regeneration.
Nothing appears to happen.
You block Harold's attack.
You closely miss Harold.
Harold is heavily wounded.
The wolf howls!
Harold closely misses you.
You hit Harold but do no damage.
Harold is heavily wounded.
A wolf comes into view.
The wolf howls!
You thump Harold!
Harold is heavily wounded.
The wolf moves out of view.
You block Harold's attack.
The wolf howls!
You hit Harold.
Harold is severely wounded.
Harold points at you and mumbles some strange words.
The bolt of fire hits you!
You hear a howl!
A wolf comes into view.
The wolf howls!
You hit Harold.
Harold is severely wounded.
You closely miss Harold.
Harold is severely wounded.
Harold gestures at you while chanting. The bolt of fire hits you!
* * * LOW HITPOINT WARNING * * *
You hear an angry hiss.
Okay, then.
Unknown command.
You hit Harold.
Harold is severely wounded.
You block Harold's attack.
A jumping spider comes into view.
Unknown command.
Evoke which item? (* to show all) (? for menu, Esc to quit)
Zapping:
H - a wand of acid (will waste charges)
Press: ? - help, Shift-Dir - straight line, f - Harold
Aim: Harold, wielding a war axe and wearing a ring mail (severely wounded)
The bolt of acid hits Harold.
Harold is splashed with acid.
The acid corrodes Harold!
Harold is almost dead.
Evoking this partially-identified wand wasted a few charges.
Harold points at you and mumbles some strange words.
The bolt of fire hits you!
You die...
Your body crumbles into a pile of gold.

..............# ####.........
..P...P...#...# ... #P.....###
P...@.........# .. .......#.##
.....h........# ... ..#....##..
P.............###... #....##..
..........#........ ##........
#.......##@..hs# #P....#...
.........(....#h# ##.....#.#
..............#@#######.........
..............@.................
#.#..###...#####..###..#####.###
# ### ##### #### #### ### #


You could see Harold, a jumping spider and 2 wolves.

Vanquished Creatures
  Erica (D:8)
  2 hill giants (D:10)
  An ugly thing (D:7)
  Pikel (D:8)
  3 polar bears
  A hippogriff (Lair:1)
  A spriggan (D:8)
  9 yaks
  Menkaure (D:6)
  A mottled dragon (D:10)
  2 water moccasins
  4 porcupines (Lair:1)
  2 orc warriors
  A sky beast (D:6)
  A slave (D:8)
  3 ice beasts
  2 black bears
  A phantom (D:8)
  2 ogres
  4 centaurs
  A wolf (Lair:2)
  2 big kobolds
  5 bullfrogs
  A wyvern skeleton (D:10)
  2 scorpions
  4 howler monkeys
  5 crimson imps
  A bullfrog skeleton (D:8)
  6 hounds
  5 orc priests
  Crazy Yiuf (D:3)
  6 orc wizards
  Ijyb (D:3)
  5 iguanas
  6 worker ants
  A worker ant zombie (D:6)
  A hound skeleton (D:8)
  4 gnolls
  9 adders
  2 shadow imps
  An ooze (D:3)
  A worm (D:2)
  A dart slug (D:1)
  6 leopard geckos
  25 orcs
  5 giant cockroaches
  3 goblins
  5 hobgoblins
  2 quokkas
  2 ball pythons
  9 bats
  5 frilled lizards
  18 kobolds
  5 rats
199 creatures vanquished.

Vanquished Creatures (others)
  A yak (D:8)
  A slave (D:8)
  A lava snake (D:8)
  A worker ant (D:8)
  2 fungi
6 creatures vanquished.

Grand Total: 205 creatures vanquished

Notes
Turn   | Place    | Note
-------+----------+-------------------------------------------
     0 | D:1      | MisterOstroum the Gargoyle Fighter began the quest for the Orb.
     0 | D:1      | Reached XP level 1. HP: 14/14 MP: 1/1
   434 | D:1      | Reached XP level 2. HP: 19/19 MP: 2/2
  1005 | D:2      | Found a shimmering altar of Xom.
  1025 | D:2      | Reached XP level 3. HP: 23/23 MP: 3/3
  1082 | D:2      | Found a stormy altar of Qazlal.
  1673 | D:2      | Reached skill level 3 in Maces & Flails
  1673 | D:2      | Reached XP level 4. HP: 28/28 MP: 4/4
  2052 | D:4      | Reached XP level 5. HP: 30/33 MP: 5/5
  2101 | D:4      | Reached skill level 4 in Maces & Flails
  2789 | D:3      | Reached XP level 6. HP: 18/38 MP: 6/6
  2834 | D:3      | Found a runed door.
  2838 | D:3      | Noticed Crazy Yiuf
  2845 | D:3      | Killed Crazy Yiuf
  2945 | D:5      | Entered Level 5 of the Dungeon
  2974 | D:5      | Reached skill level 5 in Shields
  3033 | D:5      | Reached skill level 5 in Maces & Flails
  3039 | D:5      | Reached XP level 7. HP: 34/44 MP: 7/7
  3221 | D:3      | Noticed Ijyb
  3223 | D:3      | Killed Ijyb
  3353 | D:3      | Found a faded altar of an unknown god.
  3353 | D:3      | Found an opulent altar of Gozag.
  3359 | D:3      | Found an ancient bone altar of Kikubaaqudgha.
  3364 | D:3      | Became a worshipper of Gozag Ym Sagoz the Greedy
  3367 | D:3      | Found a faded altar of an unknown god.
  3369 | D:3      | Found a faded altar of an unknown god.
  3684 | D:5      | Found a basalt altar of Yredelemnul.
  3857 | D:5      | Reached skill level 6 in Maces & Flails
  3972 | D:6      | Noticed Menkaure
  3983 | D:6      | Killed Menkaure
  3983 | D:6      | Reached XP level 8. HP: 41/48 MP: 8/8
  4115 | D:5      | Reached skill level 7 in Maces & Flails
  4497 | D:6      | Reached skill level 5 in Fighting
  4498 | D:6      | Found a sparkling altar of Nemelex Xobeh.
  4652 | D:6      | Reached skill level 8 in Maces & Flails
  5047 | D:6      | Reached XP level 9. HP: 54/54 MP: 9/9
  5453 | D:7      | Reached skill level 5 in Armour
  5558 | D:7      | Reached skill level 9 in Maces & Flails
  5971 | D:7      | Found a staircase to the Ecumenical Temple.
  5976 | Temple   | Entered the Ecumenical Temple
  6140 | D:7      | Found Zin's Purification Station.
  6144 | D:7      | Found a glowing silver altar of Zin.
  6149 | D:7      | Bought a potion of curing for 90 gold pieces
  6404 | D:8      | Noticed Pikel
  6405 | D:8      | Found a staircase to the Lair.
  6426 | D:8      | Killed Pikel
  6426 | D:8      | Reached skill level 10 in Maces & Flails
  6450 | Lair:1   | Entered Level 1 of the Lair of Beasts
  6495 | D:8      | Noticed a purple ugly thing
  6597 | D:7      | Killed a purple ugly thing
  6597 | D:7      | Reached XP level 10. HP: 51/61 MP: 10/10
  7102 | D:8      | Noticed Erica
  7122 | D:8      | Killed Erica
  7122 | D:8      | Reached skill level 11 in Maces & Flails
  7886 | D:8      | You fall through a shaft for 3 floors!
  7921 | D:10     | Entered Level 10 of the Dungeon
  7921 | D:10     | Noticed a hill giant
  7933 | D:10     | Killed a hill giant
  7977 | D:10     | Found Patoubre's Distillery.
  7986 | D:10     | Bought a potion of curing for 36 gold pieces
  7986 | D:10     | Bought a potion of mutation for 30 gold pieces
  7986 | D:10     | Bought a potion of invisibility for 96 gold pieces
  7986 | D:10     | Bought a potion of degeneration for 12 gold pieces
  7986 | D:10     | Bought a potion of curing for 36 gold pieces
  7987 | D:10     | Gained mutation: You possess an exceptional clarity of mind. [potion of mutation]
  7987 | D:10     | Gained mutation: You are clumsy. (Dex -2) [potion of mutation]
  7987 | D:10     | Gained mutation: You can translocate small distances at will. [potion of mutation]
  8013 | D:10     | Noticed a hill giant
  8061 | D:10     | Reached skill level 12 in Maces & Flails
  8074 | D:10     | Killed a hill giant
  8074 | D:10     | Reached XP level 11. HP: 33/68 MP: 11/11
  8136 | D:10     | Found a staircase to the Orcish Mines.
  8169 | D:10     | Upgraded the game from 0.19.0-11-g3fc08b3 to 0.19.5-1-g796a6487f8
  8249 | D:9      | Noticed casual's ghost (novice TrTm)
  8373 | Lair:1   | Reached skill level 1 in Axes
  8472 | Lair:1   | Learned a level 3 spell: Regeneration
  8577 | Lair:1   | Reached skill level 1 in Evocations
  8825 | D:8      | Reached skill level 1 in Dodging
  9321 | Lair:2   | Noticed Harold
  9353 | Lair:2   | Killed from afar by Harold

Skill      XL: |  1  2  3  4  5  6  7  8  9 10 11 |
---------------+----------------------------------+-----
Shields        | 4 5 6 7 8 |  8.1
Maces & Flails | 3 4 5 6 8 10 12 | 12.2
Fighting       | 4 5 6 8 |  8.8
Armour         | 4 5 6 |  6.7
Axes           | 2 |  2.0
Evocations     | 2 |  2.9
Dodging        | 1 |  1.7

Action                   |  1- 3 |  4- 6 |  7- 9 | 10-12 || total
-------------------------+-------+-------+-------+-------++-------
Melee: Flail             |   110 |   180 |   431 |   313 ||  1034
Throw: Stone             |     5 |    10 |       |     2 ||    17
       Tomahawk          |       |       |    22 |    20 ||    42
 Abil: Blink             |       |       |       |     4 ||     4
Evoke: Wand              |     1 |       |     3 |     1 ||     5
  Use: Scroll            |     1 |     2 |    11 |     4 ||    18
       Potion            |       |     1 |     1 |     5 ||     7
 Stab: Distracted        |       |       |     1 |     2 ||     3
  Eat: Bread ration      |     1 |     1 |     3 |     1 ||     6
       Pizza             |       |       |       |     3 ||     3
Armor: Scale mail        |    59 |   114 |   205 |   124 ||   502
Dodge: Dodged            |    33 |    76 |   122 |    80 ||   311
Block: Shield            |    67 |   139 |   242 |   148 ||   596
